 Dungeon Crawl Stone Soup version 0.29.1-13-g9f3cf754e1 (webtiles) character file.

Game seed: 323535679049059339

43 sanboga the Digger (level 3, -3/19 HPs)
             Began as a Gargoyle Earth Elementalist on Feb 2, 2023.
             Slain by a gnoll
             ... wielding a +2 antimagic flail
              (5 damage)
             ... on level 1 of the Dungeon.
             The game lasted 00:02:40 (2264 turns).

sanboga the Digger (Gargoyle Earth Elementalist)    Turns: 2264, Time: 00:02:41

Health: -3/19      AC:  5    Str: 11    XL:     3   Next: 58%
Magic:  0/6        EV: 11    Int: 17    God:
Gold:   65         SH:  0    Dex: 10    Spells: 5/6 levels left

rFire   . . .      SeeInvis .   f - staff of air
rCold   . . .      Faith    .   (no shield)
rNeg    + . .      Spirit   .   a - +0 robe
rPois   ∞          Reflect  .   (no helmet)
rElec   +          Harm     .   (no cloak)
rCorr   .          Rampage  .   (no gloves)
Will    .....                   (no boots)
Stlth   ++........              (no amulet)
HPRegen 0.06/turn               (no ring)
MPRegen 0.10/turn               (no ring)

@: no status effects
A: sickness immunity, AC +3, negative energy resistance 1, electricity
resistance, torment resistance 1, petrification resistance
a: no special abilities


You were on level 1 of the Dungeon.
You visited 1 branch of the dungeon, and saw 2 of its levels.

You collected 65 gold pieces.

Inventory:

Armour
 a - a +0 robe (worn)
Magical Staves
 f - a staff of air (weapon)
Scrolls
 d - 2 scrolls of identify {unknown}
 e - a scroll of fear {unknown}
 h - a scroll of acquirement {unknown}
Potions
 b - 2 potions of magic
 c - 3 potions of curing {unknown}
 g - 2 potions of brilliance {unknown}
 i - a potion of resistance {unknown}
 k - a potion of cancellation {unknown}


   Skills:
 + Level 0.5 Staves
 - Level 1.5 Dodging
 - Level 2.1 Stealth
 + Level 2.4 Spellcasting
 - Level 0.7 Transmutations
 + Level 0.4 Air Magic
 * Level 4.7 Earth Magic


You had 5 spell levels left.
You knew the following spells:

 Your Spells              Type           Power      Damage    Failure   Level
a - Sandblast             Erth           36%        2d10      2%          1

Your spell library contained the following spells:

 Spells                   Type           Power      Damage    Failure   Level
 Passwall                 Tmut/Erth      9%         N/A       9%          2
 Stone Arrow              Conj/Erth      20%        3d8       22%         3
 Petrify                  Tmut/Erth      11%        N/A       52%         4


Dungeon Overview and Level Annotations

Branches:
Dungeon (2/15)

Altars:
Ru


Innate Abilities, Weirdness & Mutations

You are immune to sickness and miasma.
Your stone body is resilient. (AC +3)
You are immune to poison.
You resist negative energy. (rN+)
You are resistant to electric shocks. (rElec)
You are resistant to unholy torment.
You are immune to petrification.


Message History

Confirm with . or Enter, or press ? or * to list all spells.
Aiming: Sandblast (safe; 2% risk of failure)
Press: ? - help, Shift-Dir - straight line, f - gnoll
Aim: a gnoll, wielding a +0 halberd (84% to hit)
The blast of sand hits the gnoll!
The gnoll is severely wounded.
The gnoll hits you with a +0 halberd!
* * * LOW HITPOINT WARNING * * *
The gnoll hits you with a +0 halberd.
* * * LOW HITPOINT WARNING * * *
Casting: Sandblast (safe; 2% risk of failure)
Confirm with . or Enter, or press ? or * to list all spells.
Aiming: Sandblast (safe; 2% risk of failure)
Press: ? - help, Shift-Dir - straight line, f/p - gnoll
Aim: a gnoll, wielding a +0 halberd (severely wounded, 84% to hit)
The blast of sand hits the gnoll!
You kill the gnoll!
You start resting.
Magic restored.
You start resting.
HP restored.
You climb downwards.
The gnoll hits you with a +2 antimagic flail!
You feel your power leaking away. The gnoll barely misses you.
The gnoll hits you with a +0 flail. The gnoll closely misses you.
There is a stone staircase leading up here.
The gnoll hits you with a +2 antimagic flail.
* * * LOW HITPOINT WARNING * * *
You feel your power leaking away. The gnoll hits you with a +0 flail.
* * * LOW HITPOINT WARNING * * *
You climb upwards.
There is a stone staircase leading down here.
As you read the scroll labelled MAENAO IHISTU, it crumbles to dust.
It is a scroll of amnesia.
Really abort (and waste the scroll)?
Okay, then.
The gnoll hits you with a +2 antimagic flail.
You die...

#.# #.#
##.########.#
#.........#.#
#............
###.#######.#..
#...# #.### ##.###
#.#
###..#########.###
#@g...............
#g############.###
#.# #.............
#.# #.########.###
#.# #.# #......
#.# #.# #......
#.# #.######......
#.# #......#......
#.# ######.#......


You could see 2 gnolls.

Vanquished Creatures
  2 gnolls
  A dart slug (D:1)
  3 endoplasms
  A giant cockroach (D:1)
  2 hobgoblins (D:1)
  A quokka (D:1)
  2 ball pythons (D:1)
  4 bats
  3 goblins
  2 kobolds
  4 rats
25 creatures vanquished.

Notes
Turn   | Place    | Note
-------+----------+-------------------------------------------
     0 | D:1      | sanboga the Gargoyle Earth Elementalist began the quest for
                  | the Orb.
     0 | D:1      | Reached XP level 1. HP: 10/10 MP: 3/3
   477 | D:1      | Reached skill level 4 in Earth Magic
   554 | D:1      | Reached XP level 2. HP: 15/15 MP: 5/5
   878 | D:1      | Found a faded altar of an unknown god.
  1542 | D:2      | Found a sacrificial altar of Ru.
  1619 | D:2      | Reached XP level 3. HP: 16/19 MP: 6/6
  2264 | D:1      | Slain by a gnoll

Illustrated notes

Levels and vault maps discovered:
D:1:      amcnicky_arrival_feature_with_door, layout_basic,
          hellmonk_ecumenical_altar_lost_god
D:2:      layout_basic, serial_shops, shop, basic_altar, grunt_ministairs_14

Skill      XL: |  1 |
---------------+----+-----
Earth Magic    | 4 |  4.7
Staves         | |  0.5
Dodging        | |  1.5
Stealth        | |  2.1
Spellcasting   | |  2.4
Transmutations | |  0.7
Air Magic      | |  0.4

Action                   || total
-------------------------++-------
Melee: Short sword       ||     6
       Unarmed           ||     2
       Staff             ||    16
 Cast: Sandblast         ||    27
  Use: Scroll            ||     1
Armor: Robe              ||    12
Dodge: Dodged            ||    23
